 Dungeon Crawl Stone Soup version 0.31.0-12-g77e489cdc1 (webtiles) character file.

Game seed: 7149282052836388779

615 VelvetRevolution the Trooper (level 7, 0/56 HPs)
             Began as a Demonspawn Fighter on Mar 5, 2024.
             Was an Initiate of Qazlal.
             Incinerated by a bombardier beetle (5 damage)
             ... with a burning spray
             ... on level 4 of the Dungeon.
             The game lasted 00:06:16 (3370 turns).

VelvetRevolution the Trooper (Demonspawn Fighter)   Turns: 3370, Time: 00:06:16

Health: 0/56       AC:  8    Str: 18    XL:     7   Next: 21%
Magic:  7/7        EV:  9    Int:  8    God:    Qazlal [......]
Gold:   204        SH:  5    Dex: 13    Spells: 6/6 levels left

rFire   . . .        a - +2 trident (heavy)
rCold   . . .        c - +0 buckler
rNeg    . . .        v - +0 scale mail {Will+}
rPois   .            t - +0 helmet
rElec   .            (no cloak)
rCorr   .            (no gloves)
SInv    .            y - +0 pair of boots
Will    +....        (no amulet) Stlth
                     (no ring)
HPRegen 0.29/turn    (no ring)
MPRegen 0.10/turn

%: no passive effects
@: on fire, glowing
A: demonic guardian 2, icemail 1, condensation shield
a: Renounce Religion


You were on level 4 of the Dungeon.
You worshipped Qazlal.
Qazlal was noncommittal.
You visited 1 branch of the dungeon, and saw 6 of its levels.

You collected 204 gold pieces.


Innate Abilities, Weirdness & Mutations

A demonic guardian rushes to your aid.
A meltable icy envelope protects you from harm. (AC +0)
A meltable shield of frost defends you. (SH +0)


   Skills:
 - Level 5.0 Fighting
 - Level 5.0 Polearms
 - Level 2.6 Armour
 + Level 4.6 Shields
 + Level 0.9 Invocations


You had 6 spell levels left.
You didn't know any spells.
Your spell library contained the following spells:

 Spells                   Type           Power      Damage    Failure   Level
 Freeze                   Ice            0%         1d3       86%         1
 Call Canine Familiar     Summ           0%         N/A       99%         3
 Frozen Ramparts          Ice            0%         1d1       99%         3
 Hailstorm                Conj/Ice       0%         3d5       99%         3
 Sigil of Binding         Hex            0%         N/A       99%         3
 Dimensional Bullseye     Hex/Tloc       0%         N/A       100%        4

Inventory:

Hand Weapons
 a - a +2 heavy trident (weapon)
Missiles
 i - 4 curare-tipped darts (quivered) {=f}
Armour
 b - a +0 scale mail
 c - a +0 buckler (worn)
 e - a +0 chain mail
 l - a +0 plate armour
 t - a +0 helmet (worn)
 v - a +0 scale mail of willpower (worn)
 y - a +0 pair of boots (worn)
Wands
 u - a wand of mindburst (12)
Scrolls
 d - a scroll of immolation {unknown}
 f - 3 scrolls of identify {unknown}
 m - a scroll of acquirement {unknown}
 n - a scroll of poison {unknown}
 p - 2 scrolls of teleportation {unknown}
 q - a scroll of noise {unknown}
 r - 2 scrolls of revelation {unknown}
 w - a scroll of vulnerability {unknown}
Potions
 g - a potion of resistance {unknown}
 h - 2 potions of curing {unknown}
 j - a potion of invisibility {unknown}
 k - 2 potions of berserk rage {unknown}
 o - a potion of heal wounds {unknown}
 s - a potion of haste {unknown}
 x - a potion of might
 z - a potion of attraction {unknown}

Dungeon Overview and Level Annotations

Branches:
Dungeon (6/15)
 Temple: D:4-7

Altars:
Qazlal
Sif Muna

#.# #.
######.# #.
#......# #.
#.###### #.
#.# #. #.# #.
#.#
###†###'#####
#...@.......#
#..4.4......#
#...........#
#...........#
#...........#
#...........#
#...........#
#...........#


You could see a friendly orange demon (summoned) and a friendly rust devil
(summoned).


Message History

No target in view!
No target in view!
No target in view!
Unknown command.
You are on fire!
You are on fire!
You are on fire!
Unknown command.
The liquid fire burns you!
Unknown command.
The liquid fire burns you!
* * * LOW HITPOINT WARNING * * *
The liquid fire burns you!
* * * LOW HITPOINT WARNING * * *
Unknown command.
The liquid fire burns you!
* * * LOW HITPOINT WARNING * * *
Unknown command.
The liquid fire burns you!
* * * LOW HITPOINT WARNING * * *
Unknown command.
The liquid fire burns you!
* * * LOW HITPOINT WARNING * * *
A demonic guardian appears!
Unknown command.
The liquid fire burns you!
* * * LOW HITPOINT WARNING * * *
Unknown command.
The liquid fire burns you!
You die...

Skill      XL: |  1  2  3  4  5  6 |
---------------+-------------------+-----
Polearms       | 2 3 5 |  5.0
Shields        | 3 4 |  4.6
Fighting       | 4 5 |  5.0
Armour         | |  2.6
Invocations    | |  0.9

Action                     |  1- 3 |  4- 6 |  7- 9 || total
---------------------------+-------+-------+-------++-------
  Melee: Trident           |   163 |   123 |    15 ||   301
  Throw: Dart              |       |     2 |       ||     2
    Use: Potion            |       |     1 |       ||     1
 Armour: Scale mail        |    97 |   102 |     8 ||   207
  Dodge: Dodged            |    52 |    47 |     2 ||   101
  Block: Buckler           |    57 |    82 |     2 ||   141

Levels and vault maps discovered:
D:1:      mrwooster_arrival_statue_2, layout_basic, serial_forest,
          infiniplex_forest_lined_room_, infiniplex_forest_lined_room_3,
          infiniplex_forest_lined_corner, infiniplex_forest_straight_3,
          infiniplex_forest_straight_2, infiniplex_forest_clump_double
D:2:      cheibrodos_old_hovel, layout_basic,
          chequers_ecumenical_altar_simple_redux, st_stairs_1
D:3:      layout_basic, mainiacjoe_overflow_chevrons,
          mainiacjoe_overflow_concentric_impassable, kennysheep_generic_room_11,
          uniq_robin
D:4:      layout_basic
D:5:      layout_rooms, nicolae_overflow_hidden_temple, kennysheep_little_box,
          minmay_temple_entry_tees, biasface_ghost_orc_armoury, uniq_edmund,
          uniq_pikel
D:6:      layout_cave_pools, lemuel_doored_altar

Notes
Turn   | Place    | Note
-------+----------+-------------------------------------------
     0 | D:1      | VelvetRevolution the Demonspawn Fighter began the quest for
                  | the Orb.
     0 | D:1      | Reached XP level 1. HP: 18/18 MP: 1/1
    15 | D:1      | Reached skill level 2 in Polearms
   279 | D:1      | Gained mutation: A meltable shield of frost defends you.
                  | (SH +0) [demonic ancestry]
   279 | D:1      | Reached XP level 2. HP: 24/24 MP: 2/2
   384 | D:1      | Reached skill level 3 in Polearms
   521 | D:1      | Reached XP level 3. HP: 29/29 MP: 3/3
   529 | D:1      | Reached skill level 3 in Shields
  1191 | D:2      | Gained mutation: A meltable icy envelope protects you from
                  | harm. (AC +0) [demonic ancestry]
  1191 | D:2      | Reached XP level 4. HP: 10/35 MP: 4/4
  1533 | D:2      | Reached skill level 4 in Shields
  1599 | D:2      | Found a faded altar of an unknown god.
  1854 | D:3      | Noticed a gnoll sergeant
  1863 | D:3      | Killed a gnoll sergeant
  1864 | D:3      | Reached skill level 4 in Fighting
  1864 | D:3      | Gained mutation: A weak demonic guardian rushes to your
                  | aid. [demonic ancestry]
  1864 | D:3      | Reached XP level 5. HP: 39/42 MP: 5/5
  2126 | D:3      | Found a shimmering blue altar of Sif Muna.
  2444 | D:3      | Reached skill level 5 in Fighting
  2469 | D:3      | Noticed Robin
  2481 | D:3      | Killed Robin
  2484 | D:3      | Gained mutation: A demonic guardian rushes to your aid.
                  | [demonic ancestry]
  2484 | D:3      | Reached XP level 6. HP: 51/51 MP: 6/6
  2749 | D:3      | Reached skill level 4 in Polearms
  2956 | D:4      | Reached skill level 5 in Polearms
  3028 | D:4      | Reached XP level 7. HP: 56/56 MP: 7/7
  3117 | D:4      | You fall into a shaft and drop 2 floors!
  3163 | D:5      | Entered Level 5 of the Dungeon
  3277 | D:5      | Found a stormy altar of Qazlal.
  3286 | D:5      | Became a worshipper of Qazlal Stormbringer
  3369 | D:4      | HP: 5/56 [burnt (5)]
  3370 | D:4      | Incinerated by a bombardier beetle

Vanquished Creatures
  2 scorpions (D:3)
  A gnoll sergeant (D:3)
  A howler monkey (D:4)
  2 bombardier beetles (D:4)
  A hound (D:3)
  A sleepcap (D:3)
  An orc wizard (D:6)
  Robin (D:3)
  7 gnolls
  7 adders
  6 dart slugs
  A ribbon worm (D:2)
  9 ball pythons
  8 bats
  7 endoplasms
  A giant cockroach (D:1)
  14 goblins
  8 hobgoblins
  3 jackals (D:1)
  5 kobolds
  6 quokkas
  3 frilled lizards
  5 rats
100 creatures vanquished.

Table legend: (Time is in decaauts)
 A = Elapsed time spent in this place.
 B = Non-inter-level travel time spent in this place.
 C = Inter-level travel time spent in this place.
 D = Time resting spent in this place.
 E = Time spent auto-exploring this place.
 F = Levels seen in this place.
 G = Mean time per level.
                   A        B        C        D        E       F      G
               +--------+--------+--------+--------+--------+-----+--------+
         Total |   3479 |   3413 |     66 |    713 |   1845 |   6 |  579.8 |
       Dungeon |   3479 |   3413 |     66 |    713 |   1845 |   6 |  579.8 |
               +--------+--------+--------+--------+--------+-----+--------+

Top non-repeatable levels by time:
     D:2: 1188 daAuts
     D:3: 988 daAuts
     D:1: 825 daAuts
     D:4: 259 daAuts
     D:6: 165 daAuts
     D:5: 51 daAuts

Table legend:
 A = Non-vault XP
 B = Vault XP
 C = Vault XP percentage of total XP
 D = Non-vault monster count
 E = Vault monster count
 F = Vault count percentage of total count
                 A         B        C        D         E       F
            +---------+---------+-------+---------+---------+-------
      Total |     739 |     140 |  15.9 |      81 |      19 |  19.0
            +---------+---------+-------+---------+---------+-------
        D:1 |      50 |       0 |   0.0 |      29 |       0 |   0.0
        D:2 |      88 |      11 |  11.1 |      16 |       4 |  20.0
        D:3 |     375 |     129 |  25.6 |      21 |      15 |  41.7
        D:4 |     191 |       0 |   0.0 |      14 |       0 |   0.0
        D:6 |      35 |       0 |   0.0 |       1 |       0 |   0.0
            +---------+---------+-------+---------+---------+-------
